 Dungeon Crawl Stone Soup version 0.28-a0-429-g1448048969 (webtiles) character file.

Game seed: 15070487512575846786

571 Sabo the Chopper (level 7, -4/81 HPs)
             Began as a Demonspawn Fighter on Sept 11, 2021.
             Was a Priest of Trog.
             Slain by a hornet (8 damage)
             ... on level 4 of the Dungeon.
             The game lasted 00:15:47 (4504 turns).

Sabo the Chopper (Demonspawn Fighter)               Turns: 4504, Time: 00:15:48

Health: -4/81      AC: 14    Str: 18    XL:     7   Next: 11%
Magic:  7/7        EV:  9    Int: 10    God:    Trog [***...]
Gold:   210        SH:  5    Dex: 12    Spells: 6/6 levels left

rFire   . . .      SeeInvis .   a - +0 war axe
rCold   . . .      Faith    .   c - +1 buckler
rNeg    . . .      Spirit   .   b - +0 scale mail
rPois   .          Reflect  .   (helmet restricted)
rElec   .          Harm     .   (no cloak)
rCorr   .          Rampage  .   (no gloves)
Will    .....                   x - +0 pair of boots
Stlth   ..........              (no amulet)
HPRegen 0.23/turn               (no ring)
MPRegen 0.10/turn               (no ring)

@: berserking (expiring), lethally poisoned (-4 -> -8), sanguine armoured,
slowed
A: horns 2, foul stench 1, sanguine armour 1
a: Renounce Religion, Berserk, Trog's Hand


You were on level 4 of the Dungeon.
You worshipped Trog.
Trog was most pleased with you.
You visited 1 branch of the dungeon, and saw 4 of its levels.

You collected 210 gold pieces.

Inventory:

Hand Weapons
 a - a +0 war axe (weapon)
 o - a +2 dagger of freezing
 r - a +1 hunting sling of flaming
Missiles
 k - 43 arrows
 l - 14 bolts
Armour
 b - a +0 scale mail (worn)
 c - a +1 buckler (worn)
 x - a +0 pair of boots (worn)
Wands
 v - a wand of iceblast (7)
 w - a wand of acid (7)
Scrolls
 e - a scroll of teleportation {unknown}
 f - a scroll of blinking {unknown}
 h - a scroll of magic mapping {unknown}
 i - 3 scrolls of identify {unknown}
 m - a scroll of silence {unknown}
 p - a scroll of vulnerability {unknown}
 q - a scroll of immolation {unknown}
 s - a scroll of amnesia {unknown}
 u - a scroll of enchant weapon {unknown}
Potions
 d - 2 potions of might
 j - 3 potions of degeneration {unknown}
 n - 2 potions of flight {unknown}
 t - a potion of haste {unknown}


   Skills:
 + Level 4.2 Fighting
 + Level 5.1 Axes
 + Level 4.2 Armour
 + Level 1.1 Dodging
 + Level 0.4 Stealth
 + Level 3.2 Shields


You had 6 spell levels left.
You didn't know any spells.
Your spell library was empty.

Dungeon Overview and Level Annotations

Branches:
Dungeon (4/15)
 Temple: D:4-7

Altars:
Trog
The Shining One

Shops:
D:2 [


Innate Abilities, Weirdness & Mutations

You have a pair of horns on your head.
You may rarely emit foul miasma when damaged in melee.
When seriously injured, your bleeding wounds create armour. (AC +6)


Message History

You slash the hornet!
The hornet is heavily wounded.
You hit the kobold.
You kill the kobold!
Trog accepts your kill.
The hornet stings you but does no damage.
The hornet stings you!
You feel as though you will be slow longer.
You miss the hornet.
The hornet is heavily wounded.
The hornet closely misses you.
The hornet stings you but does no damage.
You closely miss the hornet. You headbutt the hornet!
The hornet is almost dead.
The hornet stings you.
You feel as though you will be slow longer.
You block the hornet's attack.
You miss the hornet. Your headbutt misses the hornet.
The hornet is almost dead.
The hornet misses you.
You barely miss the hornet.
The hornet is almost dead.
The hornet stings you!
* * * LOW HITPOINT WARNING * * *
You are poisoned.
You suddenly lose the ability to move!
The hornet stings you but does no damage.
You feel very sick. The hornet barely misses you. The hornet stings you.
* * * LOW HITPOINT WARNING * * *
You feel as though you will be slow longer.
* * * LOW HITPOINT WARNING * * *
You feel sick.
The hornet stings you but does no damage.
You can move again.
You barely miss the hornet.
The hornet is almost dead.
* * * LOW HITPOINT WARNING * * *
You feel sick. The hornet stings you!
You die...

.....#..........###
.....#..........#
..............###
###...........###
.##...........#.##
..#..............##
#.................#
#.................#
#...<...........@y#
....#............).#
.#.###..............#
##..##........###..#..
#.##...^....## .##....
##..##........ .# .).
...# #.....#.. .. ..
...# #.....##. .. ..##
.........


You could see a hornet.

Vanquished Creatures
  2 ogres (D:4)
  A scorpion (D:4)
  A bullfrog zombie (D:3)
  2 hounds
  An iguana (D:3)
  An orc wizard (D:3)
  A hound zombie (D:3)
  7 adders
  A howler monkey skeleton (D:3)
  An adder zombie (D:3)
  4 adder skeletons (D:3)
  A worm (D:2)
  2 dart slugs
  7 orcs
  7 ball pythons
  4 endoplasms
  A giant cockroach (D:2)
  9 goblins
  6 hobgoblins
  14 jackals
  A ball python skeleton (D:3)
  A ball python zombie (D:3)
  4 bats
  4 frilled lizards (D:2)
  A giant cockroach zombie (D:3)
  5 kobolds
  2 quokka zombies (D:3)
  4 rats
95 creatures vanquished.

Vanquished Creatures (others)
  5 withered plants (D:3)
5 creatures vanquished.

Grand Total: 100 creatures vanquished

Notes
Turn   | Place    | Note
-------+----------+-------------------------------------------
     0 | D:1      | Sabo the Demonspawn Fighter began the quest for the Orb.
     0 | D:1      | Reached XP level 1. HP: 18/18 MP: 1/1
   183 | D:1      | Found a faded altar of an unknown god.
   191 | D:1      | Became a worshipper of Trog the Wrathful
   191 | D:1      | Reached * piety under Trog
   276 | D:1      | Gained mutation: You have a pair of small horns on your
                  | head. [demonic ancestry]
   276 | D:1      | Reached XP level 2. HP: 18/24 MP: 2/2
   925 | D:2      | Reached skill level 2 in Axes
   925 | D:2      | Reached XP level 3. HP: 21/29 MP: 3/3
  1393 | D:2      | Reached ** piety under Trog
  1433 | D:2      | Gained mutation: You may rarely emit foul miasma when
                  | damaged in melee. [demonic ancestry]
  1433 | D:2      | Reached XP level 4. HP: 6/35 MP: 4/4
  1718 | D:2      | Found Tahukoz's Antique Armour Shoppe.
  1744 | D:2      | Reached skill level 3 in Axes
  2441 | D:3      | Gained mutation: When seriously injured, your bleeding
                  | wounds create armour. (AC +6) [demonic ancestry]
  2441 | D:3      | Reached XP level 5. HP: 39/42 MP: 5/5
  3001 | D:3      | Reached *** piety under Trog
  3144 | D:3      | Reached skill level 4 in Axes
  3230 | D:3      | Reached XP level 6. HP: 41/48 MP: 6/6
  4169 | D:4      | Reached skill level 1 in Dodging
  4258 | D:4      | Gained mutation: You have a pair of horns on your head.
                  | [demonic ancestry]
  4258 | D:4      | Reached XP level 7. HP: 51/54 MP: 7/7
  4389 | D:4      | Reached skill level 5 in Axes
  4491 | D:4      | Noticed a hornet
  4501 | D:4      | Paralysed by a hornet for 3 turns
  4504 | D:4      | HP: 4/81 [poisoned by a hornet]
  4504 | D:4      | Slain by a hornet

Illustrated notes

Levels and vault maps discovered:
D:1:      dpeg_chamrin_arrival_tetris, layout_basic,
          hellmonk_ecumenical_altar_slurped_away
D:2:      layout_rooms, serial_shops, nicolae_square_shop,
          kennysheep_flooded_box
D:3:      layout_loops_corners, tso_oasis_becter, serial_undead,
          serial_undead_e, serial_undead_a, serial_undead_f, serial_undead_b,
          serial_undead_e, serial_undead_f
D:4:      cheibrodos_quashed, layout_cave_pools,
          minmay_a_box_with_orc_wizards_in_it

Skill      XL: |  1  2  3  4  5  6  7 |
---------------+----------------------+-----
Armour         | 3 4 |  4.2
Axes           | 2 3 4 5 |  5.1
Shields        | 3 |  3.2
Fighting       | 4 |  4.2
Dodging        | 1 |  1.1
Stealth        | |  0.4

Action                   |  1- 3 |  4- 6 |  7- 9 || total
-------------------------+-------+-------+-------++-------
Melee: War axe           |    90 |   151 |    20 ||   261
       Headbutt          |     9 |    17 |     2 ||    28
Invok: Berserk           |     2 |     2 |     1 ||     5
  Use: Scroll            |       |     1 |       ||     1
Armor: Scale mail        |    51 |    63 |    10 ||   124
Dodge: Dodged            |    61 |    57 |     9 ||   127
Block: Buckler           |    27 |    26 |     5 ||    58

Table legend: (Time is in decaauts)
 A = Elapsed time spent in this place.
 B = Non-inter-level travel time spent in this place.
 C = Inter-level travel time spent in this place.
 D = Time resting spent in this place.
 E = Time spent auto-exploring this place.
 F = Levels seen in this place.
 G = Mean time per level.
                   A        B        C        D        E       F      G
               +--------+--------+--------+--------+--------+-----+--------+
         Total |   4636 |   4636 |      0 |   1623 |      0 |   4 | 1159.0 |
       Dungeon |   4636 |   4636 |      0 |   1623 |      0 |   4 | 1159.0 |
               +--------+--------+--------+--------+--------+-----+--------+

Top non-repeatable levels by time:
     D:2: 1666 daAuts
     D:3: 1476 daAuts
     D:1: 832 daAuts
     D:4: 659 daAuts
